 Dungeon Crawl Stone Soup version 0.17-a0-1954-g0dddeaa (webtiles) character file.

375 4thArraOfDagon the Chopper (level 6, 8/47 HPs)
             Began as a Vampire Gladiator on Oct 4, 2015.
             Quit the game on level 6 of the Dungeon.
             The game lasted 00:07:31 (1283 turns).

4thArraOfDagon the Chopper (Vampire Gladiator)      Turns: 1283, Time: 00:07:31

Health: 8/47       AC:  0    Str: 19    XL:     6   Next: 44%
Magic:  7/7        EV: 23    Int: 13    God:
Gold:   75         SH:  0    Dex: 19    Spells: 0 memorised, 5 levels left

rFire  . . .     SeeInvis +     (weapon currently unavailable)
rCold  . . .     Clarity  .     (armour currently unavailable)
rNeg   . . .     SustAt   .     (shield currently unavailable)
rPois  .         Gourm    .     (helmet currently unavailable)
rElec  .         Spirit   .     (cloak currently unavailable)
rCorr  .         Warding  .     (gloves currently unavailable)
rMut   .         Stasis   .     (boots currently unavailable)
MR     .....                    (no amulet)
Stlth  +++.......               (ring currently unavailable)
                                (ring currently unavailable)

@: mighty, agile, pig-form (expiring), regenerating quickly, very quick, not
resistant to hostile enchantments, fairly stealthy
A: (fangs 0), see invisible, (unbreathing)
a: no special abilities


You were on level 6 of the Dungeon.
You were very full.
You were a filthy swine.
You visited 1 branch of the dungeon, and saw 6 of its levels.
You also visited: Ossuary.

You collected 285 gold pieces.
You spent 210 gold pieces at shops.

Inventory:

Hand weapons
 a - a +1 war axe (melded)
Missiles
 d - 2 throwing nets (quivered)
Armour
 c - a +1 helmet (melded)
 h - a +0 scale mail (melded)
 m - a cursed +0 pair of gloves (melded)
Jewellery
 b - a cursed ring of teleportation (melded)
Magical devices
 k - a wand of polymorph (10)
 l - a wand of invisibility (2)
Scrolls
 e - 2 scrolls of recharging
 g - a scroll of enchant weapon
Potions
 i - a potion of lignification


   Skills:
 + Level 3.2 Fighting
 * Level 4.6 Axes
 - Level 1.5 Throwing
 + Level 4.4 Dodging
 + Level 2.5 Evocations


You had 5 spell levels left.
You didn't know any spells.

Dungeon Overview and Level Annotations

Branches:
Dungeon (6/15)
 Temple: D:4-7

Altars:
Okawaru
Vehumet

Shops:
D:5 !


Innate Abilities, Weirdness & Mutations

Your natural rate of healing is unusually fast.
((You have razor-sharp teeth.))
You have supernaturally acute eyesight.
((You can survive without breathing.))


Message History

The gnoll is almost dead.
The gnoll hits you.
* * * LOW HITPOINT WARNING * * *
The giant newt misses you. The gnoll misses you.
Unknown command.
You closely miss the gnoll.
The gnoll is almost dead.
Your transformation is almost over.
The gnoll sergeant barely misses you. The gnoll closely misses you.
The giant newt misses you. The gnoll closely misses you.
Unknown command.
Unknown command.
You hit the gnoll.
You kill the gnoll!
The gnoll sergeant hits you from afar with a spear.
* * * LOW HITPOINT WARNING * * *
The giant newt misses you. The ice beast misses you.
Unknown command.
Unknown command.
Are you sure you want to abandon this character and quit the game? (Confirm with "yes".) ###### #PhYg##

###P.lg.# # #.PP.gg.#
..
#.#.P..#.##########.>.
# ######......lg..l..
###.#.....# ########
#.#.....#
#######.#....#
#.#.....#####
.............#
#.g#.#.......


You could see an ice beast, a gnoll sergeant, 3 gnolls and a giant newt.

Vanquished Creatures
  A centaur (D:5)
  An elf zombie (Ossuary)
  A centaur zombie (Ossuary)
  A gnoll shaman (D:5)
  A big kobold zombie (Ossuary)
  A hound skeleton (D:5)
  A mummy (Ossuary)
  5 gnolls
  2 shadow imps
  An ooze (D:3)
  2 giant geckos
  6 orcs
  A ball python (D:3)
  A hobgoblin (D:3)
  9 jackals
  2 quokkas (D:4)
  A giant cockroach (D:5)
  A giant newt (D:2)
  5 gnoll zombies (Ossuary)
  A goblin (D:3)
  3 hobgoblin zombies (Ossuary)
  2 orc zombies (Ossuary)
  A rat (D:1)
50 creatures vanquished.

Notes
Turn   | Place    | Note
--------------------------------------------------------------
     0 | D:1      | 4thArraOfDagon the Vampire Gladiator began the quest for the Orb.
     0 | D:1      | Reached XP level 1. HP: 16/16 MP: 1/1
   239 | D:3      | Reached XP level 2. HP: 22/22 MP: 2/2
   278 | D:4      | Noticed a scorpion
   328 | D:3      | Found an iron altar of Okawaru.
   464 | D:4      | Found a sand-covered staircase.
   470 | Ossuary  | Entered an ossuary
   489 | Ossuary  | Reached skill level 1 in Evocations
   489 | Ossuary  | Reached XP level 3. HP: 20/28 MP: 3/3
   501 | Ossuary  | Noticed an elf zombie
   504 | Ossuary  | Reached XP level 4. HP: 29/34 MP: 4/4
   609 | Ossuary  | Killed an elf zombie
   609 | Ossuary  | Reached XP level 5. HP: 19/39 MP: 4/6
   704 | Ossuary  | Reached skill level 4 in Dodging
   774 | D:5      | Entered Level 5 of the Dungeon
   855 | D:5      | Found Qenylacs's Distillery.
   863 | D:5      | Bought a potion of might for 56 gold pieces
   863 | D:5      | Bought 2 potions of lignification for 84 gold pieces
   863 | D:5      | Bought a potion of agility for 56 gold pieces
   863 | D:5      | Bought a potion of degeneration for 14 gold pieces
   903 | D:5      | Noticed a centaur
   936 | D:5      | Killed a centaur
   936 | D:5      | Reached XP level 6. HP: 12/47 MP: 7/7
  1225 | D:6      | Found a radiant altar of Vehumet.
  1283 | D:6      | Quit the game

Vault maps used:
D:1:      wheals_arrival_linesprint, monster_avoids_cloud
D:2:      first_bread
D:3:      overflow_temple_1_default, yredelemnul_altar_generic,
          kennysheep_crisscross, minmay_hedge_maze
D:4:      nicolae_ossuary_entry_plus
D:5:      minmay_temple_entry_enclosed_plants, serial_shops, shop,
          grunt_decor_resistance
D:6:      lemuel_crystal_altar, uniq_edmund, uniq_crazy_yiuf_cottage,
          uniq_sigmund
Ossuary:  minmay_ossuary_gauntlet

Action                   |  1- 3 |  4- 6 || total
-------------------------+-------+-------++-------
Melee: War axe           |    58 |   153 ||   211
       Unarmed           |    14 |    15 ||    29
Throw: Throwing net      |       |     3 ||     3
Evoke: Wand              |     2 |     5 ||     7
  Use: Potion            |     2 |     4 ||     6
       Scroll            |       |     6 ||     6
 Stab: Invisible         |       |     5 ||     5
  Eat: Corpse            |     7 |     4 ||    11
